 Dungeon Crawl Stone Soup version 0.30-a0-627-gc11e7ae810 (webtiles) character file.

Game seed: 25898520711901478

5283 Ijustatesigmund the Frost Mage (level 10, 0/76 HPs)
             Began as a Barachi Ice Elementalist on Jan 12, 2023.
             Was a Priest of Cheibriados.
             Slain by a harpy (shapeshifter) (1 damage)
             ... on level 8 of the Dungeon.
             The game lasted 00:25:07 (9324 turns).

Ijustatesigmund the Frost Mage (BaIE)               Turns: 9324, Time: 00:25:08

Health: 0/76       AC: 20    Str: 18    XL:     10   Next: 63%
Magic:  22/30      EV: 12    Int: 23    God:    Cheibriados [***...]
Gold:   338        SH:  0    Dex: 19    Spells: 15/24 levels left

rFire   . . .      SeeInvis .    c - +1 long sword (vamp)
rCold   + + +      Faith    .    (no shield)
rNeg    + . .      Spirit   .    a - +2 robe {rN+}
rPois   +          Reflect  .    o - +2 helmet of the Rose {rElec rPois rC+++ Will-}
rElec   +          Harm     .    s - scarf {repulsion}
rCorr   .          Rampage  .    g - +0 pair of gloves
Will    .....                    (no boots)
Stlth   ++                       (no amulet)
HPRegen 0.32/turn                r - ring of magical power
MPRegen 0.22/turn                m - +4 ring of protection

@: ice-armoured, freezing walls, flying, repel missiles, very slow
A: amphibious, slowness 1, strong legs 1, +LOS
a: Hop, Renounce Religion, Bend Time, Temporal Distortion


You were on level 8 of the Dungeon.
You worshipped Cheibriados.
Cheibriados was most pleased with you.
You visited 2 branches of the dungeon, and saw 9 of its levels.

You collected 338 gold pieces.

Inventory:

Hand Weapons
 c - a +1 vampiric long sword (weapon)
 u - a +1 scimitar
Armour
 a - a +2 robe of positive energy (worn)
 g - a +0 pair of gloves (worn)
 k - a +1 helmet
 o - the +2 helmet of the Rose (worn) {rElec rPois rC+++ Will-}
   (You found it on level 4 of the Dungeon)

   rC:        It renders you almost immune to cold.
   rElec:     It insulates you from electricity.
   rPois:     It protects you from poison.
   Will:      It decreases your willpower.
 s - a scarf of repulsion (worn)
Magical Staves
 i - a staff of conjuration
Jewellery
 m - a +4 ring of protection (right hand)
 n - a ring of resist corrosion
 r - a ring of magical power (left hand)
Scrolls
 d - a scroll of enchant weapon
 e - a scroll of teleportation
 f - 2 scrolls of fog
 l - 2 scrolls of identify
Potions
 b - 2 potions of magic
 h - 2 potions of haste
 j - a potion of brilliance
 v - 2 potions of flight


   Skills:
 - Level 6.3 Fighting
 - Level 6.1 Long Blades
 - Level 2.1 Dodging
 - Level 1.7 Stealth
 + Level 7.8 Spellcasting
 + Level 5.5 Conjurations
 + Level 9.1 Ice Magic
 - Level 4.0 Air Magic
 - Level 4.0 Poison Magic
 + Level 4.5 Invocations


You had 15 spell levels left.
You knew the following spells:

 Your Spells              Type           Power      Damage    Failure   Level
a - Freeze                Ice            100%       1d10      1%          1
b - Frozen Ramparts       Ice            100%       1d16      1%          3
c - Ozocubu's Armour      Ice            50%        N/A       1%          3
d - Poisonous Vapours     Pois/Air       54%        N/A       1%          2

Your spell library contained the following spells:

 Spells                   Type           Power      Damage    Failure   Level
 Cigotuvi's Dreadful Rot  Necr/Pois/Air  42%        N/A       3%          2
 Mephitic Cloud           Conj/Pois/Air  29%        N/A       3%          3
 Slow                     Hex            36%        N/A       7%          1
 Summon Ice Beast         Ice/Summ       30%        N/A       11%         4
 Confusing Touch          Hex            9%         N/A       22%         3
 Vampiric Draining        Necr           9%         2d6       22%         3


Dungeon Overview and Level Annotations

Branches:
Dungeon (8/15)             Temple (1/1) D:4            Lair (0/5) D:8

Altars:
Ashenzari
Cheibriados
Dithmenos
Elyvilon
Fedhas
Gozag
Hepliaklqana
Kikubaaqudgha
Makhleb
Nemelex Xobeh
Okawaru
Ru
Sif Muna
Trog
Uskayaw
Vehumet
Wu Jian
Xom
Yredelemnul
Zin
The Shining One

Annotations:
D:3 3 runed translucent doors, Rrauwl's ghost, amateur OgGl


Innate Abilities, Weirdness & Mutations

You are amphibious.
You cover ground slowly.
You can hop short distances.
You have an extended range of vision and can be seen from far away.


Message History

A bullfrog comes into view.
It was a potion of flight.
You feel very buoyant.
You fly up into the air.
The wall freezes the harpy.
The harpy barely misses you. The harpy claws you!
* * * LOW HITPOINT WARNING * * *
The wall freezes the harpy but does no damage.
The wall freezes the harpy.
The harpy claws you but does no damage. x2
As you read the scroll of fear, it crumbles to dust.
You assume a fearsome visage.
The bullfrog looks frightened!
The harpy looks frightened!
The wall freezes the harpy but does no damage.
The wall freezes the harpy.
Your attack snaps the harpy out of its fear.
You feel better.
The wall freezes the harpy.
The harpy barely misses you. The harpy claws you but does no damage.
The wall freezes the harpy.
The harpy barely misses you. The harpy claws you but does no damage.
The wall freezes the harpy.
The harpy claws you.
* * * LOW HITPOINT WARNING * * *
The harpy claws you but does no damage.
You hit the harpy but do no damage.
The harpy is heavily wounded.
The wall freezes the harpy.
The harpy barely misses you. The harpy claws you but does no damage.
Cornered, the bullfrog turns to fight!
The wall freezes the harpy.
The harpy closely misses you. The harpy claws you but does no damage.
You barely miss the harpy.
The harpy is severely wounded.
The wall freezes the harpy.
The harpy claws you.
* * * LOW HITPOINT WARNING * * *
The harpy barely misses you.
The wall freezes the harpy.
The harpy misses you. The harpy barely misses you.
The wall freezes the harpy.
The harpy claws you.
* * * LOW HITPOINT WARNING * * *
The harpy claws you.
* * * LOW HITPOINT WARNING * * *
You hit the harpy.
The harpy is almost dead.
The wall freezes the harpy but does no damage.
The harpy claws you.
You die...

### ..# #.# #.#
#.# )†' #)# #H#
.# #.#######@#
.##..
#...F.....# .#
.. #####'#####
##. ..
#.........# #..
.. ##.#.#.#.##
#.# #. #'#'#'#'#
#.# #.
##...#...####..#
##.# #.
....#........#
#..# #.
##'###'#######
##.#####.


You could see a harpy and a bullfrog.

Vanquished Creatures
  2 centaur warriors (D:8)
  Prince Ribbit (D:5)
  A shadow (D:8)
  Sigmund (D:4)
  A wyvern (D:8)
  5 yaks (D:5)
  2 wargs (D:8)
  A water moccasin (D:7)
  An ice beast (D:5)
  A sky beast (D:7)
  3 orc warriors
  2 centaurs
  3 ogres
  A phantom (D:6)
  A gnoll sergeant (D:6)
  3 bullfrogs
  A scorpion (D:6)
  4 wights (D:6)
  A killer bee (D:4)
  A howler monkey (D:8)
  4 hounds
  2 jellies
  7 orc priests
  A gnoll bouda (D:8)
  An iguana (D:5)
  5 orc wizards
  6 gnolls
  7 adders
  A shadow imp (D:7)
  2 white imps (D:5)
  4 ufetubi
  2 worms
  5 dart slugs
  30 orcs
  5 bats
  9 endoplasms
  3 giant cockroaches
  7 goblins
  8 hobgoblins
  A jackal (D:4)
  2 quokkas (D:2)
  6 ball pythons
  5 frilled lizards
  8 kobolds
  4 rats
171 creatures vanquished.

Vanquished Creatures (others)
  A plant (D:8)
1 creature vanquished.

Grand Total: 172 creatures vanquished

Notes
Turn   | Place    | Note
-------+----------+-------------------------------------------
     0 | D:1      | Ijustatesigmund the Barachi Ice Elementalist began the
                  | quest for the Orb.
     0 | D:1      | Reached XP level 1. HP: 13/13 MP: 3/3
   228 | D:1      | Reached skill level 5 in Ice Magic
   228 | D:1      | Reached XP level 2. HP: 20/20 MP: 3/5
   270 | D:1      | Reached skill level 1 in Fighting
   685 | D:1      | Reached XP level 3. HP: 20/26 MP: 6/6
   689 | D:1      | Learned a level 3 spell: Frozen Ramparts
  1124 | D:2      | Reached skill level 1 in Long Blades
  1642 | D:2      | Reached XP level 4. HP: 23/33 MP: 8/8
  2213 | D:3      | Found a runed translucent gate.
  2213 | D:3      | Found a runed translucent gate.
  2214 | D:3      | Found a runed translucent gate.
  2214 | D:3      | Noticed Rrauwl's ghost (amateur OgGl)
  2404 | D:3      | Reached XP level 5. HP: 34/39 MP: 9/9
  2933 | D:4      | Noticed Sigmund
  3142 | D:4      | Found a staircase to the Ecumenical Temple.
  3317 | D:4      | Reached skill level 6 in Ice Magic
  3439 | D:4      | Learned a level 3 spell: Ozocubu's Armour
  3476 | D:4      | Identified the +2 helmet of the Rose {rElec rPois rC+++
                  | Will-}
  3628 | D:4      | You fall into a shaft and drop 2 floors!
  3759 | D:6      | Reached XP level 6. HP: 42/47 MP: 7/11
  3791 | D:6      | HP: 2/47 [gnoll/+0 halberd[a gnoll sergeant] (7)]
  4157 | D:5      | Entered Level 5 of the Dungeon
  4184 | D:5      | Noticed a yak
  4457 | D:5      | Noticed an ice beast
  4474 | D:5      | Killed an ice beast
  4475 | D:5      | Reached XP level 7. HP: 54/54 MP: 11/13
  4478 | D:5      | Learned a level 2 spell: Poisonous Vapours
  4519 | D:5      | Noticed a yak
  4519 | D:5      | Noticed a yak
  4519 | D:5      | Noticed a yak
  4520 | D:5      | Noticed a yak
  4533 | D:5      | Killed a yak
  4533 | D:5      | Killed a yak
  4534 | D:5      | Reached skill level 1 in Air Magic
  4534 | D:5      | Reached skill level 1 in Poison Magic
  4536 | D:5      | Killed a yak
  4536 | D:5      | Killed a yak
  4537 | D:5      | Reached skill level 5 in Fighting
  4537 | D:5      | Reached skill level 5 in Long Blades
  4537 | D:5      | Reached skill level 5 in Spellcasting
  4537 | D:5      | Reached XP level 8. HP: 53/62 MP: 6/15
  4539 | D:5      | Killed a yak
  4845 | D:4      | Killed Sigmund
  5008 | D:5      | Noticed Prince Ribbit
  5016 | D:5      | Killed Prince Ribbit
  5017 | D:5      | Reached XP level 9. HP: 69/69 MP: 11/17
  5380 | Temple   | Entered the Ecumenical Temple
  5503 | Temple   | Became a worshipper of Cheibriados the Contemplative
  5664 | D:6      | Reached skill level 1 in Conjurations
  5948 | D:6      | Reached * piety under Cheibriados
  5949 | D:6      | Reached skill level 1 in Invocations
  6101 | D:6      | Reached skill level 7 in Ice Magic
  7808 | D:7      | Reached ** piety under Cheibriados
  8657 | D:7      | Found a shimmering blue altar of Sif Muna.
  8826 | D:8      | Found a staircase to the Lair.
  8843 | D:8      | Reached skill level 8 in Ice Magic
  8844 | D:8      | Reached XP level 10. HP: 15/76 MP: 20/20
  9289 | D:8      | Noticed a centaur warrior
  9289 | D:8      | Noticed a centaur warrior
  9297 | D:8      | Killed a centaur warrior
  9297 | D:8      | Reached *** piety under Cheibriados
  9300 | D:8      | Killed a centaur warrior
  9301 | D:8      | Reached skill level 5 in Conjurations
  9301 | D:8      | Reached skill level 9 in Ice Magic
  9316 | D:8      | Noticed a harpy
  9319 | D:8      | HP: 2/76 [harpy (shapeshifter) (10)]
  9324 | D:8      | Slain by a harpy (shapeshifter)

Illustrated notes

Levels and vault maps discovered:
D:1:      wander_arrival_lonely_grave, layout_loops_ring
D:2:      layout_loops_cross
D:3:      layout_basic, gammafunk_ghost_necromancy
D:4:      minmay_bubble_buster, layout_cave_pools, minmay_temple_entry_hall,
          nicolae_kite_square_tiling_tiny, uniq_sigmund
D:5:      layout_basic, serial_glass, glass_columns_b, glass_columns_b,
          uniq_prince_ribbit1
D:6:      layout_basic, nicolae_benzene_ring
D:7:      layout_basic, lemuel_blue_sif_altar, chequers_hall_statues_corner_a
D:8:      minmay_the_grid_plus_closed [minmay_the_grid_tree,
          minmay_the_grid_spin_star, minmay_the_grid_slots,
          minmay_the_grid_odd_star, minmay_the_grid_prize_shrinking_boxes],
          layout_basic, erik_lair_orcish_takeover, nicolae_nh_ransacked_shop
Temple:   nicolae_temple_bog_church

Skill      XL: |  1  2  3  4  5  6  7  8  9 10 |
---------------+-------------------------------+-----
Ice Magic      | 5 6 8 9 |  9.1
Fighting       | 1 2 3 4 5 6 |  6.3
Long Blades    | 1 2 4 5 6 |  6.1
Spellcasting   | 3 4 5 7 |  7.8
Air Magic      | 2 3 4 |  4.0
Poison Magic   | 2 3 4 |  4.0
Conjurations   | 4 5 |  5.5
Invocations    | 3 4 |  4.5
Dodging        | |  2.1
Stealth        | |  1.7

Action                   |  1- 3 |  4- 6 |  7- 9 | 10-12 || total
-------------------------+-------+-------+-------+-------++-------
Melee: Unarmed           |     4 |       |       |       ||     4
       Punch             |     1 |     3 |     2 |     1 ||     7
       Long sword        |    66 |   144 |   196 |    35 ||   441
 Cast: Freeze            |    23 |       |       |       ||    23
       Frozen Ramparts   |     2 |     5 |    23 |     6 ||    36
       Ozocubu's Armour  |       |     1 |    14 |     3 ||    18
       Poisonous Vapours |       |       |     5 |     7 ||    12
Invok: Bend Time         |       |       |       |     1 ||     1
 Abil: Hop               |       |       |     2 |       ||     2
  Use: Scroll            |     1 |    13 |    11 |     1 ||    26
       Potion            |       |     2 |     2 |     3 ||     7
 Stab: Sleeping          |     3 |     4 |     1 |       ||     8
Armor: Robe              |    21 |    58 |   110 |    37 ||   226
Dodge: Dodged            |    59 |   124 |   182 |    30 ||   395

Table legend: (Time is in decaauts)
 A = Elapsed time spent in this place.
 B = Non-inter-level travel time spent in this place.
 C = Inter-level travel time spent in this place.
 D = Time resting spent in this place.
 E = Time spent auto-exploring this place.
 F = Levels seen in this place.
 G = Mean time per level.
                   A        B        C        D        E       F      G
               +--------+--------+--------+--------+--------+-----+--------+
         Total |  11088 |  10644 |    444 |   2658 |   6234 |   9 | 1232.0 |
       Dungeon |  10924 |  10521 |    403 |   2658 |   6127 |   8 | 1365.5 |
        Temple |    163 |    123 |     40 |      0 |    106 |   1 |  163.0 |
               +--------+--------+--------+--------+--------+-----+--------+

Top non-repeatable levels by time:
     D:6: 2650 daAuts
     D:7: 1721 daAuts
     D:5: 1392 daAuts
     D:3: 1232 daAuts
     D:1: 1215 daAuts
     D:2: 1006 daAuts
     D:4: 998 daAuts
     D:8: 706 daAuts
  Temple: 163 daAuts
